 Dungeon Crawl Stone Soup version 0.30.1-11-g7821555f0a (webtiles) character file.

Game seed: 15685601346940391612

1001 Peloso the Slasher (level 8, -6/70 HPs)
             Began as a Minotaur Fighter on Dec 4, 2023.
             Mangled by a troll (11 damage)
             ... on level 6 of the Dungeon.
             The game lasted 00:05:48 (4220 turns).

Peloso the Slasher (Minotaur Fighter)               Turns: 4220, Time: 00:05:49

Health: -6/70      AC: 13    Str: 22    XL:     8   Next: 0%
Magic:  7/7        EV:  7    Int:  5    God:
Gold:   359        SH:  5    Dex: 11    Spells: 7/7 levels left

rFire   . . .        a - +0 long sword
rCold   . . .        d - +0 buckler
rNeg    . . .        c - +0 plate armour
rPois   .            (helmet restricted)
rElec   .            (no cloak)
rCorr   .            (no gloves)
SInv    .            (no boots)
Will    .....        (no amulet) Stlth
                     (no ring)
HPRegen 0.31/turn    (no ring)
MPRegen 0.10/turn

%: no passive effects
@: no status effects
A: horns 2, retaliatory headbutt
a: no special abilities


You were on level 6 of the Dungeon.
You visited 1 branch of the dungeon, and saw 6 of its levels.

You collected 359 gold pieces.

Inventory:

Hand Weapons
 a - a +0 long sword (weapon)
Armour
 b - a +0 scale mail
 c - a +0 plate armour (worn)
 d - a +0 buckler (worn)
Wands
 n - a wand of mindburst (8)
Scrolls
 e - 2 scrolls of amnesia
 i - a scroll of fog {unknown}
 k - a scroll of fear {unknown}
 o - a scroll of summoning {unknown}
 q - a scroll of blinking {unknown}
Potions
 f - a potion of brilliance
 g - 4 potions of curing
 h - 2 potions of flight
 j - a potion of invisibility
 l - a potion of lignification
 m - a potion of ambrosia
 r - a potion of magic


   Skills:
 + Level 5.8 Fighting
 + Level 7.5 Long Blades
 + Level 6.6 Armour
 + Level 2.1 Dodging
 + Level 4.9 Shields


You had 7 spell levels left.
You didn't know any spells.
Your spell library contained the following spells:

 Spells                   Type           Power      Damage    Failure   Level
 Call Canine Familiar     Summ           0%         N/A       100%        3
 Inner Flame              Hex/Fire       0%         N/A       100%        3
 Portal Projectile        Hex/Tloc       0%         N/A       100%        3
 Leda's Liquefaction      Hex/Erth       0%         N/A       100%        4
 Manifold Assault         Tloc           0%         N/A       100%        4


Dungeon Overview and Level Annotations

Branches:
Dungeon (6/15)
 Temple: D:4-7

Altars:
Vehumet

Shops:
D:5 :


Innate Abilities, Weirdness & Mutations

You have a pair of horns on your head.
You reflexively headbutt those who attack you in melee.


Message History

The troll is heavily wounded.
The troll bites you. The troll claws you. You block the troll's attack.
You closely miss the troll. Your headbutt misses the troll.
The troll is moderately wounded.
The troll bites you but does no damage. You block the troll's attack.
The troll claws you but does no damage.
You slash the troll! Your headbutt misses the troll.
The troll is severely wounded.
The troll bites you. The troll claws you but does no damage.
The troll claws you!
You completely miss the troll.
The troll is heavily wounded.
The troll closely misses you. You furiously retaliate!
You headbutt the troll! The troll claws you! x2
You hit the troll.
The troll is severely wounded.
You block the troll's attack. The troll claws you but does no damage.
The troll claws you.
You closely miss the troll.
The troll is severely wounded.
You block the troll's attack. The troll claws you. The troll barely misses you.
You closely miss the troll.
You headbutt the troll, but do no damage.
The troll is severely wounded.
The troll bites you. You block the troll's attack. The troll barely misses you.
You hit the troll. You headbutt the troll.
The troll is almost dead.
The troll bites you but does no damage. The troll claws you!
* * * LOW HITPOINT WARNING * * *
The troll claws you.
* * * LOW HITPOINT WARNING * * *
You hit the troll.
The troll is almost dead.
The troll bites you but does no damage.
The troll claws you but does no damage. x2
You hit the troll but do no damage. Your headbutt misses the troll.
The troll is almost dead.
The troll bites you.
* * * LOW HITPOINT WARNING * * *
The troll claws you!
You die...

# #. #.#
#..# .#
#$.T###..#
#@...#
##...#
####


You could see a troll.

Vanquished Creatures
  Grinder (D:4)
  2 black bears (D:4)
  2 ogres
  A hound (D:4)
  An orc priest (D:5)
  A jelly (D:4)
  A sleepcap (D:5)
  Natasha (thrice) (D:3)
  Terence (D:3)
  An orc wizard (D:5)
  8 gnolls
  8 adders
  A dart slug (D:2)
  13 orcs
  12 ball pythons
  A bat (D:3)
  2 endoplasms
  5 goblins
  8 hobgoblins
  4 quokkas
  3 frilled lizards (D:2)
  7 kobolds
  7 rats
93 creatures vanquished.

Notes
Turn   | Place    | Note
-------+----------+-------------------------------------------
     0 | D:1      | Peloso the Minotaur Fighter began the quest for the Orb.
     0 | D:1      | Reached XP level 1. HP: 19/19 MP: 0/0
    85 | D:1      | Reached XP level 2. HP: 24/27 MP: 1/1
   464 | D:2      | Reached skill level 3 in Long Blades
   597 | D:2      | Reached XP level 3. HP: 26/33 MP: 2/2
   755 | D:2      | Reached XP level 4. HP: 37/40 MP: 3/3
  1345 | D:3      | Noticed Terence
  1355 | D:3      | Killed Terence
  1356 | D:3      | Reached skill level 4 in Long Blades
  1644 | D:3      | Got Sif Muna's Vellum of Superposition and the Fairies
  1661 | D:3      | Reached XP level 5. HP: 44/47 MP: 4/4
  1807 | D:3      | Noticed Natasha
  1812 | D:3      | Killed Natasha
  2193 | D:3      | Noticed Natasha
  2204 | D:3      | Killed Natasha
  2205 | D:3      | Reached skill level 5 in Armour
  2371 | D:3      | Noticed Natasha
  2379 | D:3      | Killed Natasha
  2380 | D:3      | Reached skill level 1 in Dodging
  2416 | D:4      | Noticed Grinder
  2426 | D:4      | Killed Grinder
  2427 | D:4      | Reached skill level 5 in Long Blades
  2427 | D:4      | Reached XP level 6. HP: 39/55 MP: 5/5
  2605 | D:4      | Reached skill level 6 in Long Blades
  2687 | D:4      | Reached skill level 5 in Fighting
  2687 | D:4      | Reached XP level 7. HP: 52/61 MP: 6/6
  2872 | D:4      | Found a radiant altar of Vehumet.
  3458 | D:5      | Entered Level 5 of the Dungeon
  3522 | D:5      | Reached skill level 7 in Long Blades
  4096 | D:5      | Found Axigg's Self-Improvement Boutique.
  4147 | D:5      | Reached XP level 8. HP: 66/70 MP: 7/7
  4209 | D:6      | Noticed a troll
  4220 | D:6      | Mangled by a troll

Illustrated notes

Levels and vault maps discovered:
D:1:      lightli_arrival_maybe_door_vault, layout_basic
D:2:      layout_loops_ring, grunt_ministairs_15
D:3:      layout_basic, nicolae_figureground_pulse, uniq_natasha, uniq_terence
D:4:      layout_basic, fiery_altar_vehumet, hex_medium, nicolae_titane,
          uniq_grinder
D:5:      layout_loops_ring, nicolae_shop_self_help
D:6:      layout_layer_cave, minmay_manual_moon

Skill      XL: |  1  2  3  4  5  6  7 |
---------------+----------------------+-----
Fighting       | 4 5 |  5.8
Long Blades    | 3 4 5 6 7 |  7.5
Armour         | 4 5 6 |  6.6
Shields        | 4 |  4.9
Dodging        | 1 2 |  2.1

Action                     |  1- 3 |  4- 6 |  7- 9 || total
---------------------------+-------+-------+-------++-------
  Melee: Long sword        |    54 |   107 |   118 ||   279
         Headbutt          |     8 |    15 |    24 ||    47
    Use: Potion            |     2 |     1 |       ||     3
         Scroll            |     2 |     5 |     2 ||     9
 Armour: Scale mail        |    20 |    51 |    24 ||    95
         Plate armour      |       |       |    35 ||    35
  Dodge: Dodged            |    27 |    43 |    33 ||   103
  Block: Buckler           |    10 |    25 |    37 ||    72
